Match 46587324
Unlisted

Match 46587324
End
Construct Section Command Post
Selects Heavy Armor Battlegroup
Vickers Machine Gun Team
Dingo Light Scout Car
Infantry Section
Infantry Section
Royal Engineer Section
Construct Platoon Command Post
6-pounder Anti-tank Gun Team
CMP 15cwt Truck
Selects Engineer Detachments
Selects Forward Repair Assembly
Construct Company Command Post
Foot Guards Section
Selects Light Vehicle Withdraw and Refit
Selects UNKNOWN (202330)
Crusader AA Medium Tank
Armored Vehicle Training
Selects Recon Artillery
Recon Artillery
Recon Artillery
Crusader II Medium Tank
Unlock Bishop Self-propelled Artillery
Royal Engineer Section
Infantry Training
Team Weapon Training
Recon Artillery
Bishop Self-propelled Artillery
Recon Artillery
Construct Field Infirmary
Matilda II Heavy Tank
Matilda II Heavy Tank
Royal Engineer Section
Royal Engineer Section
CMP 15cwt Truck
Selects Churchill Black Prince Heavy Tank
Recon Artillery
6-pounder Anti-tank Gun Team
Recon Artillery
Foot Guards Section
Churchill Black Prince Heavy Tank
Fire [Goat Company]
Henk
water
Hirys it's Irys
Bobo
Dejw1d
Luka1
Morsezeichen
0
0

Comments sign in to comment!

No comments posted yet!